 Dungeon Crawl Stone Soup version 0.25-a0-458-g6fc7858b95 (webtiles) character file.

Game seed: 17598952519980141918, levelgen mode: deterministic

32 Gargoyl the Skirmisher (level 3, -17/33 HPs)
             Began as a Centaur Abyssal Knight on Feb 1, 2020.
             Was a Follower of Lugonu.
             Demolished by a tentacled starspawn (36 damage)
             ... on level 2 of the Abyss.
             The game lasted 00:00:56 (82 turns).

Gargoyl the Skirmisher (Centaur Abyssal Knight)       Turns: 82, Time: 00:00:57

Health: -17/33     AC:  4    Str: 19    XL:     3   Next: 8%
Magic:  4/4        EV:  9    Int: 11    God:    Lugonu [*.....]
Gold:   0          SH:  0    Dex:  9    Spells: 2/2 levels left

rFire    . . .     SeeInvis .   a - +1 hand axe
rCold    . . .     Gourm    .   (no shield)
rNeg     . . .     Faith    .   b - +0 leather armour
rPois    .         Spirit   .   (no helmet)
rElec    .         Reflect  .   (no cloak)
rCorr    .         Harm     .   (no gloves)
MR       .....                  (no barding)
Stlth    ..........             (no amulet)
HPRegen  0.11/turn              (no ring)
MPRegen  0.09/turn              (no ring)

@: mighty, lethally poisoned (-17 -> -20), very quick
A: large, hooves 3, deformed body, speed 2, tough skin 3
a: Depart the Abyss, Renounce Religion


You were on level 2 of the Abyss.
You worshipped Lugonu.
Lugonu was aware of your devotion.
You were not hungry.

You visited 0 branches of the dungeon, and saw 0 of its levels.
You visited the Abyss 1 time.

Inventory:

Hand Weapons
 a - a +1 hand axe (weapon)
Armour
 b - a +0 leather armour (worn)
Comestibles
 c - a ration


   Skills:
 + Level 3.6 Fighting
 + Level 2.0 Axes
 + Level 1.8 Armour
 + Level 0.7 Dodging
 + Level 2.2 Invocations


You had 2 spell levels left.
You didn't know any spells.
Your spell library was empty.

Dungeon Overview and Level Annotations

Branches:
Dungeon (0/15)

Altars:


Innate Abilities, Weirdness & Mutations

You have hooves in place of feet.
Armour fits poorly on your strangely shaped body.
You cover ground very quickly.
You have extremely tough skin. (AC +3)


Message History

A revenant comes into view.
A naga mage comes into view.
The guardian serpent shouts!
The naga mage shouts!
You slash the naga mage!
The naga mage is moderately wounded.
You hear a shout! x2
You hit the naga mage. You kick the naga mage!
The naga mage is severely wounded.
The naga mage spits poison at you. The splash of poison hits you.
You are poisoned.
Tentacles burst from the starspawn's body!
A naga mage and 2 starspawn tentacles come into view.
The naga mage shouts!
You hit the naga mage.
The naga mage is almost dead.
You hit the tentacled starspawn.
You feel sick. The tentacled starspawn bites you!!!
Ouch! That really hurt!
You die...

..#.
#..##..##.... #.
..#. #.#..#.# . .
..#...#...#..#
#......#.#..# ..
###..#.#..... .N
#...#..#.#.#.##.
#.#......(#N.....
....#....w@S# #
#......wX.##
..#..#.#..###
#... #.. .# ≈≈
.###..# .≈## ∩#
.. #.# ... ###.


You could see a tentacled starspawn, a guardian serpent, 2 naga magi and 2
starspawn tentacles.

Vanquished Creatures
  A quasit (Abyss:2)
1 creature vanquished.

Vanquished Creatures (others)
  2 starspawn tentacles (Abyss:2)
2 creatures vanquished.

Grand Total: 3 creatures vanquished

Notes
Turn   | Place    | Note
-------+----------+-------------------------------------------
     0 | Abyss:1  | Gargoyl the Centaur Abyssal Knight began the quest for the
                  | Orb.
     0 | Abyss:1  | Reached XP level 1. HP: 19/19 MP: 2/2
    48 | Abyss:2  | Noticed a tentacled starspawn
    69 | Abyss:2  | Noticed a tentacled starspawn
    69 | Abyss:2  | Noticed a quasit
    74 | Abyss:2  | Killed a quasit
    74 | Abyss:2  | Reached XP level 2. HP: 18/27 MP: 3/3
    74 | Abyss:2  | Reached XP level 3. HP: 23/33 MP: 4/4
    74 | Abyss:2  | Noticed a revenant
    80 | Abyss:2  | Noticed a guardian serpent
    80 | Abyss:2  | Noticed a naga mage
    82 | Abyss:2  | Noticed a naga mage
    82 | Abyss:2  | Demolished by a tentacled starspawn

Levels and vault maps discovered:
Abyss:2:  minivault_27

Skill      XL: |  1 |
---------------+----+-----
Axes           | 2 |  2.0
Fighting       | |  3.6
Armour         | |  1.8
Dodging        | |  0.7
Invocations    | |  2.2

Action                   || total
-------------------------++-------
Melee: Hand axe          ||     6
       Kick              ||     1
  Use: Scroll            ||     3
       Potion            ||     1
Armor: Leather armour    ||     3
Dodge: Dodged            ||     8

Table legend:
 A = Non-vault XP
 B = Vault XP
 C = Vault XP percentage of total XP
 D = Non-vault monster count
 E = Vault monster count
 F = Vault count percentage of total count
                 A         B        C        D         E       F
            +---------+---------+-------+---------+---------+-------
      Total |      46 |       0 |   0.0 |       1 |       0 |   0.0
            +---------+---------+-------+---------+---------+-------
    Abyss:2 |      46 |       0 |   0.0 |       1 |       0 |   0.0
            +---------+---------+-------+---------+---------+-------
